 Dungeon Crawl Stone Soup version 0.25-a0-663-gace7076f2c (webtiles) character file.

Game seed: 6074355207993055901, levelgen mode: deterministic

39 Arthanis the Skirmisher (level 3, -20/34 HPs)
             Began as a Gargoyle Berserker on Mar 24, 2020.
             Was a Believer of Trog.
             Demolished by an orc warrior
             ... wielding a +0 glaive
              (23 damage)
             ... on level 2 of the Dungeon.
             The game lasted 00:02:20 (1001 turns).

Arthanis the Skirmisher (Gargoyle Berserker)        Turns: 1001, Time: 00:02:20

Health: -20/34     AC:  5    Str: 20    XL:     3   Next: 47%
Magic:  3/3        EV:  7    Int:  8    God:    Trog [**....]
Gold:   124        SH: 11    Dex:  9    Spells: 2/2 levels left

rFire    . . .     SeeInvis .   a - +0 hand axe
rCold    . . .     Gourm    .   j - +0 tower shield (curse)
rNeg     + . .     Faith    .   b - +0 animal skin
rPois    ∞         Spirit   .   (no helmet)
rElec    +         Reflect  .   (no cloak)
rCorr    .         Harm     .   (no gloves)
MR       .....                  (no boots)
Stlth    ..........             (no amulet)
HPRegen  0.11/turn              (no ring)
MPRegen  0.08/turn              (no ring)

@: berserking, very quick
A: negative energy resistance 1, electricity resistance, unbreathing,
petrification resistance, rot immunity, AC +3
a: Berserk, Trog's Hand, Renounce Religion


You were on level 2 of the Dungeon.
You worshipped Trog.
Trog was pleased with you.
You were very hungry.

You visited 1 branch of the dungeon, and saw 2 of its levels.

You collected 124 gold pieces.

Inventory:

Hand Weapons
 a - a +0 hand axe (weapon)
 d - a +1 short sword of freezing
Armour
 b - a +0 animal skin (worn)
 j - a cursed +0 tower shield (worn)
Scrolls
 e - a scroll of fear {unknown}
 h - 2 scrolls of random uselessness {unknown}
 i - 4 scrolls of remove curse {unknown}
 l - a scroll of teleportation {unknown}
 m - a scroll of enchant armour {unknown}
 n - a scroll of identify {unknown}
Potions
 f - 2 potions of might {unknown}
 g - 2 potions of degeneration {unknown}
Comestibles
 c - 3 rations


   Skills:
 + Level 3.6 Fighting
 * Level 3.2 Axes
 + Level 2.6 Armour
 - Level 2.0 Dodging
 + Level 0.4 Shields


You had 2 spell levels left.
You didn't know any spells.
Your spell library was empty.

Dungeon Overview and Level Annotations

Branches:
Dungeon (2/15)

Altars:


Innate Abilities, Weirdness & Mutations

You are resistant to torment.
Your stone body is resilient. (AC +3)
You are immune to poison.
You resist negative energy. (rN+)
You are resistant to electric shocks. (rElec)
You can survive without breathing.
You are immune to petrification.
You are immune to rotting.


Message History

The orc warrior is moderately wounded.
You hit the rat.
You kill the rat!
Trog accepts your kill.
The orc warrior hits you with a +0 glaive!!
Ouch! That really hurt!
* * * LOW HITPOINT WARNING * * *
You barely miss the orc warrior.
The orc warrior is moderately wounded.
You hit the orc warrior but do no damage.
The orc warrior is moderately wounded.
You block the orc warrior's attack.
You hit the orc warrior.
The orc warrior is heavily wounded.
You block the orc warrior's attack.
Your shield prevents you from hitting the orc warrior.
The orc warrior is heavily wounded.
The orc warrior hits you with a +0 glaive!!
Ouch! That really hurt!
You die...

........####.##...##.#.#
###....................#
##.##.####.##...##.###
#(##.# #.###.###.#
#.##.####....r# #.#
#.............# #.#
####.#######.## #.# #.#
####†## #.# #.# #.o.#@#
.. #[# #<##o## #.#
#.#### #######.# #.#
....(...# #.# ......###
#.# .####.# #.# ....#.##
#.# ###....#####.#


You could see an orc warrior.

Vanquished Creatures
  A dart slug (D:1)
  A leopard gecko (D:2)
  An orc (D:2)
  3 giant cockroaches (D:1)
  4 goblins (D:1)
  4 hobgoblins
  A quokka (D:2)
  3 bats
  6 frilled lizards
  5 kobolds
  5 rats
34 creatures vanquished.

Notes
Turn   | Place    | Note
-------+----------+-------------------------------------------
     0 | D:1      | Arthanis the Gargoyle Berserker began the quest for the
                  | Orb.
     0 | D:1      | Reached XP level 1. HP: 14/14 MP: 1/1
    57 | D:1      | Reached XP level 2. HP: 11/19 MP: 2/2
   481 | D:1      | Reached ** piety under Trog
   481 | D:1      | Reached XP level 3. HP: 23/23 MP: 3/3
   961 | D:2      | Noticed an orc warrior
  1001 | D:2      | Demolished by an orc warrior

Levels and vault maps discovered:
D:1:      wheals_arrival_shading, layout_rooms, serial_bayou_pond_e,
          hangedman_decor_push, minmay_cupped
D:2:      layout_loops_ring

Skill      XL: |  1  2  3 |
---------------+----------+-----
Axes           | 3 |  3.2
Dodging        | 2 |  2.0
Fighting       | |  3.6
Armour         | |  2.6
Shields        | |  0.4

Action                   || total
-------------------------++-------
Melee: Hand axe          ||   112
Invok: Berserk           ||     2
       Trog's Hand       ||     1
  Eat: Chunk             ||     1
Armor: Animal skin       ||    40
Dodge: Dodged            ||    52
Block: Tower shield      ||    42

Table legend:
 A = Non-vault XP
 B = Vault XP
 C = Vault XP percentage of total XP
 D = Non-vault monster count
 E = Vault monster count
 F = Vault count percentage of total count
                 A         B        C        D         E       F
            +---------+---------+-------+---------+---------+-------
      Total |      48 |       9 |  15.8 |      29 |       5 |  14.7
            +---------+---------+-------+---------+---------+-------
        D:1 |      29 |       9 |  23.7 |      18 |       5 |  21.7
        D:2 |      19 |       0 |   0.0 |      11 |       0 |   0.0
            +---------+---------+-------+---------+---------+-------
